 Dungeon Crawl Stone Soup version 0.28-a0-2-g643f2454ad (webtiles) character file.

Game seed: 14437622748637377374

53 angelsbits the Skirmisher (level 3, -3/29 HPs)
             Began as a Demonspawn Berserker on July 22, 2021.
             Was a Follower of Trog.
             Slain by Sigmund (10 damage)
             ... on level 2 of the Dungeon.
             The game lasted 00:07:03 (1981 turns).

angelsbits the Skirmisher (Demonspawn Berserker)    Turns: 1981, Time: 00:07:03

Health: -3/29      AC: 10    Str: 18    XL:     3   Next: 64%
Magic:  3/3        EV: 13    Int:  8    God:    Trog [*.....]
Gold:   40         SH:  0    Dex: 12    Spells: 2/2 levels left

rFire   + + .      SeeInvis .   a - +0 hand axe
rCold   x . .      Faith    .   (no shield)
rNeg    . . .      Spirit   .   n - +0 fire dragon scales
rPois   .          Reflect  .   (no helmet)
rElec   .          Harm     .   (no cloak)
rCorr   .          Rampage  .   (no gloves)
Will    .....                   (no boots)
Stlth   ..........              (no amulet)
HPRegen 0.09/turn               f - +4 ring of evasion
MPRegen 0.08/turn               (no ring)

@: no status effects
A: thin metallic scales 1
a: Renounce Religion, Berserk


You were on level 2 of the Dungeon.
You worshipped Trog.
Trog was aware of your devotion.
You visited 1 branch of the dungeon, and saw 2 of its levels.

You collected 40 gold pieces.

Inventory:

Hand Weapons
 a - a +0 hand axe (weapon)
 d - a +0 dagger
 i - a +0 hand axe
Armour
 b - a +0 animal skin
 n - +0 fire dragon scales (worn)
Jewellery
 f - a +4 ring of evasion (left hand)
Scrolls
 e - 2 scrolls of identify {unknown}
 h - a scroll of vulnerability {unknown}
 j - a scroll of enchant armour {unknown}
 l - a scroll of summoning {unknown}
 m - a scroll of noise {unknown}
Potions
 c - a potion of curing {unknown}
 g - a potion of might {unknown}
 k - a potion of flight {unknown}


   Skills:
 + Level 3.5 Fighting
 + Level 3.4 Axes
 + Level 1.9 Armour
 + Level 2.1 Dodging
 + Level 0.8 Stealth


You had 2 spell levels left.
You didn't know any spells.
Your spell library contained the following spells:

 Spells                   Type           Power      Damage    Failure   Level
 Animate Skeleton         Necr           0%         N/A       87%         1
 Apportation              Tloc           0%         N/A       87%         1
 Corona                   Hex            0%         N/A       87%         1
 Summon Small Mammal      Summ           0%         N/A       87%         1


Dungeon Overview and Level Annotations

Branches:
Dungeon (2/15)

Altars:

Annotations:
D:2 Sigmund


Innate Abilities, Weirdness & Mutations

You are partially covered in thin metallic scales. (AC +2)


Message History

You barely miss Sigmund.
Sigmund is heavily wounded.
You hit the rat but do no damage. The rat misses you.
Sigmund hits you but does no damage.
You slash Sigmund!
Sigmund is severely wounded.
You hit the rat but do no damage. The rat bites you but does no damage.
Sigmund hits you with a +0 scythe!
* * * LOW HITPOINT WARNING * * *
The rat barely misses you. Sigmund barely misses you.
You closely miss Sigmund.
Sigmund is severely wounded.
You hit the rat.
You kill the rat!
Trog accepts your kill. Sigmund hits you but does no damage.
You closely miss Sigmund.
Sigmund is severely wounded.
Sigmund hits you but does no damage.
You barely miss Sigmund.
Sigmund is severely wounded.
Sigmund points at you and mumbles some strange words.
The magic dart hits you.
* * * LOW HITPOINT WARNING * * *
You hit Sigmund but do no damage.
Sigmund is severely wounded.
Sigmund barely misses you.
You hit Sigmund but do no damage.
Sigmund is severely wounded.
Sigmund screams, "Only death can liberate you!"
Sigmund closely misses you.
You closely miss Sigmund.
Sigmund is severely wounded.
Sigmund casts a spell at you.
The puff of flame hits you but does no damage.
Sigmund misses you.
You barely miss Sigmund.
Sigmund is severely wounded.
Sigmund hits you with a +0 scythe!
You die...

######.##.#..##..
.........#.....#
.#####.#.###...###
#...........#
###..###..#.#
##.###....##########
..####..##....'..#.....#
........#†....##.#.#.###
.......@@.....##.....####
..............####.......
..######....### #######.
# #......# #. .....#....#
#. ####.##...# #. # #.>.#
####. ##.####### #<##.
#.#.....# #.##.


You could see Sigmund.

Vanquished Creatures
  Natasha (D:2)
  A dart slug (D:2)
  3 ball pythons (D:1)
  3 bats (D:1)
  2 endoplasms (D:1)
  2 giant cockroaches (D:1)
  5 hobgoblins (D:1)
  2 quokkas
  3 kobolds
  A rat (D:2)
23 creatures vanquished.

Notes
Turn   | Place    | Note
-------+----------+-------------------------------------------
     0 | D:1      | angelsbits the Demonspawn Berserker began the quest for the
                  | Orb.
     0 | D:1      | Reached XP level 1. HP: 18/18 MP: 1/1
   673 | D:1      | Gained mutation: You are partially covered in thin metallic
                  | scales. (AC +2) [demonic ancestry]
   673 | D:1      | Reached XP level 2. HP: 24/24 MP: 2/2
  1748 | D:2      | Noticed Natasha
  1758 | D:2      | Killed Natasha
  1759 | D:2      | Reached XP level 3. HP: 17/29 MP: 3/3
  1940 | D:2      | Noticed Sigmund
  1981 | D:2      | Slain by Sigmund

Illustrated notes

Levels and vault maps discovered:
D:1:      eino_arrival_cavern_e, layout_loops_ring, minmay_pentomino_r2
D:2:      minmay_kobold_bridge, layout_basic, basic_altar, uniq_natasha,
          uniq_crazy_yiuf_cottage, uniq_sigmund

Skill      XL: |  1  2 |
---------------+-------+-----
Axes           | 3 |  3.4
Dodging        | 2 |  2.1
Fighting       | |  3.5
Armour         | |  1.9
Stealth        | |  0.8

Action                   || total
-------------------------++-------
Melee: Hand axe          ||   112
Armor: Animal skin       ||    17
       Fire dragon scale ||     8
Dodge: Dodged            ||   120

Table legend: (Time is in decaauts)
 A = Elapsed time spent in this place.
 B = Non-inter-level travel time spent in this place.
 C = Inter-level travel time spent in this place.
 D = Time resting spent in this place.
 E = Time spent auto-exploring this place.
 F = Levels seen in this place.
 G = Mean time per level.
                   A        B        C        D        E       F      G
               +--------+--------+--------+--------+--------+-----+--------+
         Total |   1996 |   1892 |    104 |   1124 |    526 |   2 |  998.0 |
       Dungeon |   1996 |   1892 |    104 |   1124 |    526 |   2 |  998.0 |
               +--------+--------+--------+--------+--------+-----+--------+

Top non-repeatable levels by time:
     D:1: 1608 daAuts
     D:2: 388 daAuts
